AoeStats
← jshgrffn11

Black Forest

505170980Analyzed
4v4 RM · 25d ago on Sep 8, 2026· 63m 34s· 8 players
Game mode
Random Map
Map size
Large (8 player)
Population
200
Speed
Normal
Resources
Standard
Victory
Conquest
Starting age
Dark Age
Ending age
Imperial Age
RankedLock teamsTeams togetherTeam positionsShared explorationLock speedFull tech treeHidden civsTurbo modeCheats
Victory
Defeat
🇺🇸 Mongols · United States
865
+14
🇨🇴 Muisca · Colombia
789
+17
🇧🇷 Byzantines · Brazil
717
+20
660
+22
🇨🇳 Huns · China
870
-21
🇨🇳 Bohemians · China
803
-18
🇺🇸 Spanish · United States
780
-17
🇨🇳 Franks · China
775
-17
Guardian..
1:06 Loom
15:33 Feudal Age
24:28 Castle Age
22:23 Double-Bit Axe
23:03 Stone Mining
23:48 Gold Mining
26:05 Wheelbarrow
26:01 Bow Saw
26:48 Gold Shaft Mining
34:09 Hand Cart
37:39 Imperial Age
35:50 Fortified Wall
36:58 Husbandry
37:13 Forging
37:09 Scale Barding Armor
37:36 Ballistics
37:12 Murder Holes
38:13 Cavalier
38:15 Light Cavalry
39:17 Conscription
38:58 Chivalry
39:54 Paladin
41:14 Iron Casting
41:00 Chain Barding Armor
41:42 Caravan
45:59 Blast Furnace
45:34 Plate Barding Armor
55:28 Masonry
56:19 Chemistry
jshgrffn11
0:29 Loom
14:12 Feudal Age
16:06 Double-Bit Axe
21:38 Castle Age
20:42 Gold Mining
24:19 Caravan
27:38 Bow Saw
28:36 Horse Collar
31:03 Wheelbarrow
31:33 Fortified Wall
35:56 Imperial Age
33:45 Heavy Plow
35:32 Husbandry
35:45 Bloodlines
36:45 Hand Cart
37:48 Chemistry
37:12 Ballistics
37:10 Forging
37:06 Scale Barding Armor
36:45 Cavalier
38:40 Pikeman
38:45 Elite Conquistador
41:29 Iron Casting
41:15 Chain Barding Armor
41:00 Scale Mail Armor
40:36 Halberdier
41:20 Squires
43:40 Padded Archer Armor
44:46 Blast Furnace
44:30 Plate Barding Armor
44:15 Chain Mail Armor
44:45 Plate Barding Armor
51:25 Paladin
54:21 Plate Mail Armor
康神开播了
11:55 Feudal Age
13:14 Wheelbarrow
12:21 Horse Collar
12:28 Double-Bit Axe
21:04 Castle Age
19:05 Gold Mining
19:13 Stone Mining
23:07 Gold Shaft Mining
22:36 Heavy Plow
25:17 Scale Barding Armor
25:22 Forging
28:07 Imperial Age
26:41 Chain Barding Armor
29:15 Hand Cart
29:13 Husbandry
29:24 Bloodlines
30:12 Conscription
32:45 Plate Barding Armor
32:46 Iron Casting
33:41 Iron Casting
35:37 Light Cavalry
35:43 Elite Tarkan
37:26 Blast Furnace
37:46 Bow Saw
40:27 Hussar
乱舞春秋
1:53 Loom
12:31 Feudal Age
13:03 Double-Bit Axe
14:05 Wheelbarrow
16:15 Fishing Lines
16:55 Horse Collar
23:45 Castle Age
22:51 Town Watch
24:31 Gillnets
24:55 Bow Saw
24:49 Heavy Plow
25:34 Caravan
26:13 Hand Cart
26:55 Fletching
27:05 Padded Archer Armor
28:27 Forging
28:18 Scale Mail Armor
32:00 Imperial Age
32:21 Chemistry
31:07 Treadmill Crane
31:53 Town Patrol
31:22 Pikeman
32:04 Squires
32:24 Wagenburg Tactics
34:08 Two-Man Saw
33:32 Conscription
33:03 Halberdier
34:50 Ballistics
35:48 Elite Hussite Wagon
37:31 Leather Archer Armor
37:11 Bodkin Arrow
37:32 Chain Mail Armor
37:53 Iron Casting
38:02 Coinage
37:42 Murder Holes
37:34 Arrowslits
38:53 Guilds
38:57 Arson
40:24 Banking
42:15 Ring Archer Armor
41:45 Bracer
42:21 Iron Casting
42:17 Plate Mail Armor
59:03 Blast Furnace
danielalejandrocrco
0:47 Loom
10:42 Feudal Age
17:06 Castle Age
16:15 Double-Bit Axe
17:51 Wheelbarrow
27:02 Horse Collar
28:09 Hand Cart
27:47 Treadmill Crane
29:37 Coinage
29:32 Heavy Plow
30:23 Bow Saw
31:08 Gold Mining
31:11 Stone Mining
32:27 Gold Shaft Mining
32:32 Stone Shaft Mining
32:19 Town Watch
33:08 Town Patrol
36:24 Imperial Age
34:31 Squires
33:52 Champi Runner
34:46 Forging
34:37 Scale Mail Armor
35:14 Ballistics
34:45 Guard Tower
35:00 Pikeman
35:21 Champi Warrior
36:12 Murder Holes
36:28 Masonry
36:56 Iron Casting
36:37 Chain Mail Armor
36:12 Fletching
36:23 Padded Archer Armor
37:12 Careening
37:14 Redemption
37:15 Fervor
37:06 Atonement
37:21 Block Printing
38:31 Two-Man Saw
38:05 Crop Rotation
38:33 Banking
38:05 Elite Champi Warrior
39:50 Chemistry
39:35 Conscription
39:16 Herbalism
39:22 Huaracas
39:25 Bodkin Arrow
39:23 Elite Guecha Warrior
40:44 Plate Mail Armor
41:06 Thumb Ring
42:16 Hoardings
41:51 Siege Engineers
41:50 Bracer
44:06 Elite Temple Guard
45:24 Keep
48:26 Crossbowman
50:25 Onager
54:13 Siege Onager
Locarbdiet
1:07 Loom
11:24 Feudal Age
13:59 Double-Bit Axe
22:04 Castle Age
20:14 Padded Archer Armor
20:24 Stone Mining
21:01 Gold Mining
24:20 Bow Saw
25:02 Wheelbarrow
26:02 Horse Collar
27:36 Hand Cart
28:02 Gold Shaft Mining
30:30 Town Watch
31:31 Fletching
31:57 Leather Archer Armor
31:47 Scale Barding Armor
32:08 Forging
32:21 Ballistics
32:06 Heavy Plow
35:03 Imperial Age
34:00 Bodkin Arrow
34:26 Chain Barding Armor
35:36 Town Patrol
35:47 Bracer
36:48 Chemistry
36:09 Bloodlines
36:04 Husbandry
37:00 Conscription
37:49 Iron Casting
36:39 Onager
38:00 Parthian Tactics
38:44 Siege Engineers
39:41 Blast Furnace
39:06 Drill
39:59 Elite Mangudai
42:03 Scale Mail Armor
42:34 Siege Onager
42:55 Light Cavalry
44:16 Pikeman
48:43 Chain Mail Armor
49:16 Squires
56:33 Capped Ram
58:45 Plate Mail Armor
LookVil
0:30 Loom
13:46 Feudal Age
15:22 Double-Bit Axe
23:17 Castle Age
21:26 Stone Mining
23:01 Gold Mining
24:17 Caravan
25:54 Bow Saw
26:32 Elite Skirmisher
27:45 Horse Collar
29:34 Fortified Wall
31:54 Wheelbarrow
33:13 Fervor
33:33 Sanctity
33:32 Redemption
36:55 Imperial Age
35:44 Hand Cart
37:44 Elite Cataphract
38:45 Conscription
38:39 Logistica
40:32 Chemistry
40:01 Husbandry
42:04 Greek Fire
45:20 Murder Holes
47:55 Arrowslits
48:01 Guard Tower
49:53 Keep
51:53 Bombard Tower
53:18 Light Cavalry
BoBo鸡之印第安走地鸡
0:43 Loom
15:14 Feudal Age
18:12 Feudal Age
20:00 Wheelbarrow
19:16 Double-Bit Axe
19:13 Horse Collar
19:33 Stone Mining
19:40 Gold Mining
22:01 Castle Age
24:22 Heavy Plow
24:36 Bow Saw
32:44 Imperial Age
31:36 Gold Shaft Mining
31:31 Marauders
32:34 Hand Cart
32:05 Town Watch
32:24 Husbandry
32:35 Bloodlines
32:50 Scale Barding Armor
32:56 Forging
32:49 Padded Archer Armor
32:46 Fletching
34:46 Two-Man Saw
34:15 Chain Barding Armor
36:03 Conscription
35:06 Elite Tarkan
35:12 Cavalier
35:15 Light Cavalry
36:36 Iron Casting
37:43 Plate Barding Armor
38:13 Paladin
39:02 Caravan
41:49 Blast Furnace
41:08 Leather Archer Armor
40:52 Bodkin Arrow
42:09 Hussar
48:24 Bracer
56:26 Thumb Ring
59:18 Parthian Tactics
59:00 Heavy Cavalry Archer
Connection lost

Rejoining the realm…

Still unreachable

The connection could not be restored.

Session expired

The server has moved on; the page needs a fresh start.